 Dungeon Crawl Stone Soup version 0.28.0-1-gb440e238dd (webtiles) character file.

Game seed: 17055092019103572058

1201 Ablot the Grasshopper (level 8, -5/64 HPs)
             Began as a Gnoll Warper on Feb 22, 2022.
             Hit by a boomerang thrown by an orc warrior (9 damage)
             ... on level 6 of the Dungeon.
             The game lasted 00:10:37 (4624 turns).

Ablot the Grasshopper (Gnoll Warper)                Turns: 4624, Time: 00:10:38

Health: -5/64      AC:  6    Str: 18    XL:     8   Next: 44%
Magic:  15/17      EV: 18    Int: 13    God:
Gold:   195        SH:  0    Dex: 12    Spells: 17/19 levels left

rFire   + . .      SeeInvis .   a - +0 spear
rCold   + . .      Faith    .   (no shield)
rNeg    . . .      Spirit   .   G - +2 robe {rC+ rF+}
rPois   .          Reflect  .   h - +0 helmet
rElec   .          Harm     .   (no cloak)
rCorr   .          Rampage  .   i - +0 pair of gloves
Will    .....                   (no boots)
Stlth   ++........              j - amulet of regeneration
HPRegen 1.00/turn               o - +4 ring of evasion
MPRegen 0.15/turn               w - +6 ring of strength

@: lethally poisoned (-5 -> -5), on blink cooldown
A: fangs 1, strong nose, distributed training
a: no special abilities


You were on level 6 of the Dungeon.
You visited 1 branch of the dungeon, and saw 6 of its levels.

You collected 195 gold pieces.

Inventory:

Hand Weapons
 a - a +0 spear (weapon)
Missiles
 d - 4 boomerangs of dispersal
 e - 153 arrows
 f - 5 poisoned darts
 n - 131 stones
 p - 26 sling bullets
 q - 3 boomerangs (quivered)
 A - 3 bolts
 B - a javelin
 C - a throwing net
Armour
 h - a +0 helmet (worn)
 i - a +0 pair of gloves (worn)
 l - a +2 ring mail of cold resistance
 r - a +2 leather armour of fire resistance
 G - a +2 robe of resistance (worn)
 K - an orb of energy
Jewellery
 j - an amulet of regeneration (around neck)
 o - a +4 ring of evasion (left hand)
 w - a +6 ring of strength (right hand)
Wands
 t - a wand of flame (17)
 x - a wand of acid (10)
Scrolls
 c - 2 scrolls of blinking
 g - 4 scrolls of identify {unknown}
 m - a scroll of noise {unknown}
 v - a scroll of holy word {unknown}
 y - 2 scrolls of fear {unknown}
 D - a scroll of teleportation {unknown}
 E - a scroll of enchant armour {unknown}
 H - a scroll of amnesia {unknown}
 J - a scroll of brand weapon {unknown}
Potions
 b - 3 potions of flight {unknown}
 k - a potion of lignification {unknown}
 s - a potion of heal wounds {unknown}
 u - 2 potions of curing {unknown}
 z - 3 potions of mutation {unknown}
 F - 2 potions of invisibility {unknown}
 I - a potion of brilliance {unknown}


   Skills:
 + Level 5.7 Fighting
 + Level 3.2 Short Blades
 + Level 3.2 Long Blades
 + Level 3.2 Axes
 + Level 3.2 Maces & Flails
 + Level 5.7 Polearms
 + Level 3.2 Staves
 + Level 3.2 Slings
 + Level 3.2 Bows
 + Level 3.2 Crossbows
 + Level 4.2 Throwing
 + Level 4.2 Armour
 + Level 5.7 Dodging
 + Level 3.2 Stealth
 + Level 3.2 Shields
 + Level 3.2 Unarmed Combat
 + Level 6.0 Spellcasting
 + Level 2.6 Conjurations
 + Level 2.6 Hexes
 + Level 2.6 Summonings
 + Level 2.6 Necromancy
 + Level 6.1 Translocations
 + Level 2.6 Transmutations
 + Level 2.6 Fire Magic
 + Level 2.6 Ice Magic
 + Level 2.6 Air Magic
 + Level 2.6 Earth Magic
 + Level 2.6 Poison Magic
 + Level 3.6 Invocations
 + Level 3.2 Evocations


You had 17 spell levels left.
You knew the following spells:

 Your Spells              Type           Power      Damage    Failure   Level
a - Blink                 Tloc           38%        N/A       1%          2

Your spell library contained the following spells:

 Spells                   Type           Power      Damage    Failure   Level
 Gell's Gravitas          Tloc           19%        N/A       4%          3
 Lesser Beckoning         Tloc           19%        N/A       4%          3
 Teleport Other           Tloc           19%        N/A       4%          3
 Manifold Assault         Tloc           19%        N/A       36%         5


Dungeon Overview and Level Annotations

Branches:
Dungeon (6/15)
 Temple: D:4-7

Altars:
Zin

Shops:
D:4 (*

Annotations:
D:4 Grinder


Innate Abilities, Weirdness & Mutations

You have very sharp teeth.
Your uncanny sense of smell can sniff out nearby items.
Your experience applies equally to all skills.


Message History

You closely miss the water moccasin.
The water moccasin is heavily wounded.
You feel sick. The water moccasin barely misses you.
The orc completely misses you. The orc warrior closely misses you.
The water moccasin bites you but does no damage.
Unknown command.
You hit the water moccasin.
The water moccasin is severely wounded.
You feel sick. The orc completely misses you.
The orc warrior completely misses you.
The water moccasin bites you but does no damage.
Unknown command.
You completely miss the water moccasin.
The water moccasin is severely wounded.
You feel sick.
The water moccasin completely misses you.
The orc barely misses you.
The orc warrior hits you with a +0 broad axe!
* * * LOW HITPOINT WARNING * * *
You hit the water moccasin.
The water moccasin is almost dead.
You feel sick. The water moccasin bites you.
* * * LOW HITPOINT WARNING * * *
Unknown command.
You hit the water moccasin.
The water moccasin is almost dead.
You feel sick. The orc completely misses you.
The orc warrior barely misses you. The water moccasin misses you.
Unknown command.
You hit the water moccasin.
You kill the water moccasin!
You feel sick. The orc hits you with a +0 whip.
* * * LOW HITPOINT WARNING * * *
The orc warrior barely misses you.
Unknown command.
Casting: Blink (safe; 1% risk of failure)
Confirm with . or Enter, or press ? or * to list all spells.
You blink.
You feel sick.
You feel sick.
The orc warrior throws a boomerang.
The boomerang hits you!
You die...

'..#.....### #.#
≈≈.♣...
####.....# #.#
...≈...
...#.....#
#.###...≈..≈
##.#.....#
#..≈†≈.♣.≈≈.
##.#.#...#
#........#
##.#.#...#
#..oo....#
#.#.#...# ###
#........#
#.#.#...# #..
+........#
#.#.#...#
#.###@..........
##.#.#...#
#...............
.....^...#
#..##########...
.........# #..#
...
........>###..###
..
........##......#
..........<.....#
.......###......#
####.#..........#


You could see an orc warrior and an orc.

Vanquished Creatures
  Sigmund (D:5)
  A steam dragon (D:6)
  A water moccasin (D:6)
  An ice beast (D:5)
  2 ogres
  A scorpion (D:5)
  A howler monkey (D:6)
  A hound (D:6)
  A jelly (D:4)
  2 bullfrog skeletons (D:6)
  A centaur skeleton (D:6)
  An orc wizard (D:5)
  2 iguanas (D:5)
  A howler monkey zombie (D:5)
  3 gnolls (D:4)
  10 adders
  An adder skeleton (D:4)
  2 worms
  4 dart slugs
  14 orcs
  11 endoplasms
  2 giant cockroaches
  4 goblins
  2 hobgoblins
  2 jackals (D:2)
  3 training dummies (D:4)
  7 ball pythons
  3 bats (D:3)
  6 frilled lizards
  3 kobolds
  3 rats
97 creatures vanquished.

Notes
Turn   | Place    | Note
-------+----------+-------------------------------------------
     0 | D:1      | Ablot the Gnoll Warper began the quest for the Orb.
     0 | D:1      | Reached XP level 1. HP: 20/20 MP: 6/6
   288 | D:1      | Reached XP level 2. HP: 23/26 MP: 7/7
   291 | D:1      | Learned a level 2 spell: Blink
   505 | D:1      | Reached XP level 3. HP: 21/31 MP: 9/9
   722 | D:1      | Reached skill level 5 in Spellcasting
   995 | D:2      | Reached skill level 1 in Invocations
  1462 | D:2      | Reached skill level 1 in Short Blades
  1462 | D:2      | Reached skill level 1 in Long Blades
  1462 | D:2      | Reached skill level 1 in Axes
  1462 | D:2      | Reached skill level 1 in Maces & Flails
  1462 | D:2      | Reached skill level 1 in Staves
  1462 | D:2      | Reached skill level 1 in Slings
  1462 | D:2      | Reached skill level 1 in Bows
  1462 | D:2      | Reached skill level 1 in Crossbows
  1462 | D:2      | Reached skill level 1 in Stealth
  1462 | D:2      | Reached skill level 1 in Shields
  1462 | D:2      | Reached skill level 1 in Unarmed Combat
  1462 | D:2      | Reached skill level 1 in Evocations
  1636 | D:2      | Found a faded altar of an unknown god.
  1800 | D:3      | Reached XP level 4. HP: 38/38 MP: 11/11
  1992 | D:3      | Reached skill level 1 in Conjurations
  1992 | D:3      | Reached skill level 1 in Hexes
  1992 | D:3      | Reached skill level 1 in Summonings
  1992 | D:3      | Reached skill level 1 in Necromancy
  1992 | D:3      | Reached skill level 1 in Transmutations
  1992 | D:3      | Reached skill level 1 in Fire Magic
  1992 | D:3      | Reached skill level 1 in Ice Magic
  1992 | D:3      | Reached skill level 1 in Air Magic
  1992 | D:3      | Reached skill level 1 in Earth Magic
  1992 | D:3      | Reached skill level 1 in Poison Magic
  2713 | D:4      | Reached XP level 5. HP: 41/43 MP: 12/12
  2974 | D:4      | Noticed an ogre
  3000 | D:4      | Killed an ogre
  3002 | D:4      | Reached XP level 6. HP: 50/50 MP: 10/13
  3035 | D:4      | Found a glowing silver altar of Zin.
  3045 | D:4      | Found Pestocy's Firing Range.
  3127 | D:4      | Noticed Grinder
  3172 | D:4      | Reached skill level 5 in Fighting
  3172 | D:4      | Reached skill level 5 in Polearms
  3172 | D:4      | Reached skill level 5 in Dodging
  3251 | D:4      | Found Toegaz Imim's Assorted Antiques.
  3322 | D:5      | Entered Level 5 of the Dungeon
  3494 | D:5      | Noticed Sigmund
  3550 | D:5      | Killed Sigmund
  3551 | D:5      | Reached XP level 7. HP: 25/56 MP: 15/15
  4403 | D:6      | Reached XP level 8. HP: 62/63 MP: 16/16
  4624 | D:6      | Hit by a boomerang thrown by an orc warrior

Illustrated notes

Levels and vault maps discovered:
D:1:      minmay_arrival_hallway, layout_basic, minivault_27
D:2:      layout_basic, shapermc_ecumenical_altar_mp_vishouse,
          kennysheep_cluttered_room
D:3:      layout_basic, kennysheep_nub, minmay_misc_feat_alley
D:4:      layout_loops_ring, zin_statuary, serial_shops,
          nicolae_shop_overgrown_old_shop, nicolae_shop_firing_range,
          uniq_grinder
D:5:      layout_loops_corners, minmay_tree_intersection, kennysheep_crisscross,
          uniq_sigmund
D:6:      layout_basic, serial_rivers, chequers_serial_rivers_small_b,
          chequers_serial_rivers_marsh, chequers_serial_rivers_micro_c,
          chequers_serial_rivers_micro_c, chequers_serial_rivers_micro_b,
          chequers_serial_rivers_micro_d

Skill      XL: |  1  2  3  4  5  6  7  8 |
---------------+-------------------------+-----
Spellcasting   | 5 6 |  6.0
Invocations    | 1 2 3 |  3.6
Short Blades   | 1 2 3 |  3.2
Long Blades    | 1 2 3 |  3.2
Axes           | 1 2 3 |  3.2
Maces & Flails | 1 2 3 |  3.2
Staves         | 1 2 3 |  3.2
Slings         | 1 2 3 |  3.2
Bows           | 1 2 3 |  3.2
Crossbows      | 1 2 3 |  3.2
Stealth        | 1 2 3 |  3.2
Shields        | 1 2 3 |  3.2
Unarmed Combat | 1 2 3 |  3.2
Evocations     | 1 2 3 |  3.2
Conjurations   | 1 2 |  2.6
Hexes          | 1 2 |  2.6
Summonings     | 1 2 |  2.6
Necromancy     | 1 2 |  2.6
Transmutations | 1 2 |  2.6
Fire Magic     | 1 2 |  2.6
Ice Magic      | 1 2 |  2.6
Air Magic      | 1 2 |  2.6
Earth Magic    | 1 2 |  2.6
Poison Magic   | 1 2 |  2.6
Throwing       | 3 4 |  4.2
Armour         | 3 4 |  4.2
Fighting       | 5 |  5.7
Polearms       | 5 |  5.7
Dodging        | 5 |  5.7
Translocations | 6 |  6.1

Action                   |  1- 3 |  4- 6 |  7- 9 || total
-------------------------+-------+-------+-------++-------
Melee: Spear             |   153 |   207 |   198 ||   558
       Bite              |    16 |    22 |    23 ||    61
       Punch             |     1 |       |     9 ||    10
Throw: Dart              |       |     3 |       ||     3
       Boomerang         |       |    11 |    22 ||    33
 Cast: Blink             |       |     1 |     1 ||     2
Evoke: Wand              |       |     2 |       ||     2
 Stab: Sleeping          |     1 |     2 |     2 ||     5
       Distracted        |       |     1 |       ||     1
Armor: Leather armour    |     4 |    38 |       ||    42
       Ring mail         |    25 |     1 |       ||    26
       Robe              |       |     2 |    37 ||    39
Dodge: Dodged            |    61 |   113 |   128 ||   302
